 Dungeon Crawl Stone Soup version 0.28.0-45-g0d030f2227 (webtiles) character file.

Game seed: 5376410748350844632

64439 joshe the Eclecticist (level 14, -5/68 HPs)
             Began as a Deep Elf Conjurer on Apr 10, 2022.
             Was an Initiate of Gozag.
             Killed from afar by a gargoyle (15 damage)
             ... with a stone arrow
             ... in a volcano on Apr 11, 2022.
             The game lasted 03:22:18 (31751 turns).

joshe the Eclecticist (Deep Elf Conjurer)          Turns: 31751, Time: 03:22:22

Health: -5/68      AC: 12    Str:  7    XL:     14   Next: 71%
Magic:  1/37       EV: 13    Int: 41    God:    Gozag
Gold:   4782       SH:  0    Dex: 13    Spells: 31/47 levels left

rFire   + . .      SeeInvis .   o - +0 dagger (freeze)
rCold   x . .      Faith    .   (no shield)
rNeg    . . .      Spirit   .   n - +3 leather armour "Sino Xad" {Str+3 Int+6}
rPois   .          Reflect  .   d - +2 hat
rElec   .          Harm     .   g - +2 cloak
rCorr   .          Rampage  .   u - +0 pair of gloves
Will    +....                   (no boots)
Stlth   +++++.....              (no amulet)
HPRegen 0.21/turn               l - +6 ring of intelligence
MPRegen 0.25/turn               h - ring of fire

@: gold aura
A: no striking features
a: Renounce Religion, Potion Petition, Call Merchant, Bribe Branch


You were in a volcano.
You worshipped Gozag.
Gozag was most pleased with you.
You visited 4 branches of the dungeon, and saw 19 of its levels.
You also visited: Volcano.

You collected 5122 gold pieces.
You spent 280 gold pieces at shops.
You paid 60 gold pieces to Gozag.

Inventory:

Hand Weapons
 o - a +0 dagger of freezing (weapon)
 q - a +2 spectral hand axe
 A - the +6 shillelagh "Devastator" {shatter}
   (You found it on level 9 of the Dungeon)

   It releases a powerful concussive burst when it strikes, dealing extra damage
   to the target and all other foes adjacent to them.
Missiles
 c - 41 poisoned darts
Armour
 d - a +2 hat (worn)
 g - a +2 cloak (worn)
 n - the +3 leather armour "Sino Xad" (worn) {Str+3 Int+6}
   (You found it on level 3 of the Dungeon)

   Str:       It affects your strength (+3).
   Int:       It affects your intelligence (+6).
 u - a +0 pair of gloves (worn)
 M - the +1 leather armour of Neb Jog {Contam rElec rC+ rN+}
   (You found it on level 5 of the Lair of Beasts)

   rC:        It protects you from cold.
   rElec:     It insulates you from electricity.
   rN:        It protects you from negative energy.
   Contam:    It causes magical contamination when unequipped.
Magical Staves
 Q - a staff of earth
 U - a staff of fire
Jewellery
 h - a ring of fire (right hand)
 l - a +6 ring of intelligence (left hand)
 s - a ring of poison resistance
 F - a ring of see invisible
 I - a ring of ice
 K - the ring of Jemah {rN+ Slay+3}
   (You found it on level 3 of the Lair of Beasts)

   [ring of positive energy]

   Slay:      It affects your accuracy & damage with ranged weapons and melee
   (+3).
   rN:        It protects you from negative energy.
 L - a +4 ring of protection
Wands
 j - a wand of paralysis (7)
 t - a wand of flame (40)
 w - a wand of polymorph (9)
 y - a wand of iceblast (1)
 D - a wand of acid (2)
Scrolls
 a - 3 scrolls of amnesia
 f - 16 scrolls of teleportation
 k - 3 scrolls of immolation
 p - 3 scrolls of silence
 x - 2 scrolls of fog
 B - 2 scrolls of enchant weapon
 J - a scroll of brand weapon
 N - 2 scrolls of holy word
Potions
 b - 2 potions of invisibility
 e - 6 potions of curing
 i - 3 potions of heal wounds
 m - 2 potions of mutation
 r - 2 potions of might
 v - 3 potions of flight
 E - 2 potions of berserk rage
 G - 2 potions of magic
 H - a potion of cancellation {unknown}
 R - a potion of haste
 S - a potion of lignification {unknown}
Miscellaneous
 P - a lightning rod (4/4)
 T - a condenser vane


   Skills:
 - Level 0.2 Maces & Flails
 - Level 4.0 Armour
 - Level 6.0 Dodging
 - Level 12.0 Stealth
 - Level 17.0 Spellcasting
 - Level 12.0 Conjurations
 + Level 16.8 Hexes
 - Level 4.0 Translocations
 - Level 8.0 Ice Magic
 - Level 8.0 Earth Magic
 - Level 4.1 Evocations


You had 31 spell levels left.
You knew the following spells:

 Your Spells              Type           Power      Damage    Failure   Level
a - Magic Dart            Conj           100%       1d8       0%          1
b - Searing Ray           Conj           100%       2d8       0%          2
c - Fulminant Prism       Conj/Hex       50%        3d23      1%          4
d - Iskenderun's Mystic   Conj/Tloc      79%        2d16      1%          4
e - Ensorcelled Hibernat  Hex/Ice        100%       N/A       0%          2
f - Stone Arrow           Conj/Erth      100%       3d13      1%          3

Your spell library contained the following spells:

 Spells                   Type           Power      Damage    Failure   Level
 Dazzling Flash           Conj/Hex       100%       N/A       0%          3
 Foxfire                  Conj/Fire      100%       2x1d9     1%          1
 Sandblast                Erth           100%       2d20      1%          1
 Passwall                 Tmut/Erth      50%        N/A       1%          2
 Sublimation of Blood     Necr           34%        N/A       1%          2
 Wereblood                Tmut           34%        N/A       1%          2
 Conjure Flame            Conj/Fire      90%        6-21      1%          3
 Frozen Ramparts          Ice            100%       1d12      1%          3
 Gell's Gravitas          Tloc           61%        N/A       1%          3
 Inner Flame              Hex/Fire       100%       N/A       1%          3
 Teleport Other           Tloc           61%        N/A       1%          3
 Anguish                  Hex/Necr       40%        N/A       1%          4
 Flame Wave               Conj/Fire      90%        2d15      1%          4
 Silence                  Hex/Air        40%        N/A       1%          5
 Ice Form                 Ice/Tmut       61%        N/A       2%          4
 Passage of Golubria      Tloc           61%        N/A       2%          4
 Summon Ice Beast         Ice/Summ       61%        N/A       2%          4
 Lightning Bolt           Conj/Air       35%        1d53      2%          5
 Spider Form              Tmut/Pois      34%        N/A       3%          3
 Airstrike                Air            17%        N/A       12%         4
 Olgreb's Toxic Radiance  Pois           34%        N/A       12%         4
 Summon Lightning Spire   Summ/Air       34%        N/A       12%         4
 Dispersal                Tloc           30%        N/A       34%         6
 Ozocubu's Refrigeration  Ice            39%        4d12      36%         7
 Lehudib's Crystal Spear  Conj/Erth      43%        10d10     77%         8
 Summon Hydra             Summ           17%        N/A       100%        7
 Ignition                 Fire           25%        3d9       100%        8


Dungeon Overview and Level Annotations

Branches:
Dungeon (10/15)            Temple (1/1) D:5            Lair (6/6) D:10
  Swamp (0/4) Lair:4       Spider (0/4) Lair:4        Slime (0/5) Lair:5
    Orc (2/2) D:10        Volcano (1/1)
    Elf: Orc:2

Altars:
Ashenzari
Cheibriados
Dithmenos
Elyvilon
Fedhas
Gozag
Hepliaklqana
Kikubaaqudgha
Makhleb
Nemelex Xobeh
Okawaru
Qazlal
Ru
Sif Muna
Trog
Uskayaw
Vehumet
Wu Jian
Xom
Yredelemnul
Zin
The Shining One
Beogh

Shops:
D:3 (   D:5 *   D:8 !


Message History

Your fulminant prism explodes!
The blast of energy engulfs you!!
You hear an angry hiss.
There is an open door here.
You see here a +4 scimitar of flaming.
Something unseen opens the door.
The stone giant throws a large rock.
The large rock hits you!!
* * * LOW HITPOINT WARNING * * *
Casting: Ensorcelled Hibernation (safe; 0% risk of failure)
Confirm with . or Enter, or press ? or * to list all spells.
You erupt in a blast of force!
The mystic blast hits the stone giant.
The stone giant is severely wounded.
The stone giant is knocked back by the mystic blast.
The stone giant slams into the granite statue!
The stone giant is almost dead.
You feel much better. The stone giant closely misses you.
Casting: Iskenderun's Mystic Blast (safe; 1% risk of failure)
Confirm with . or Enter, or press ? or * to list all spells.
You erupt in a blast of force!
The mystic blast hits the stone giant!
The stone giant is almost dead.
The stone giant hits you!!!
Ouch! That really hurt!
* * * LOW HITPOINT WARNING * * *
You feel much better.
A gargoyle comes into view. It is wielding a +0 morningstar.
The stone giant hits you!!
* * * LOW HITPOINT WARNING * * *
Casting: Iskenderun's Mystic Blast (safe; 1% risk of failure)
Confirm with . or Enter, or press ? or * to list all spells.
You don't have enough magic to cast this spell.
Unknown command.
Aiming: Corrosive Bolt
Press: ? - help, Shift-Dir - straight line, f - stone giant
Aim: a stone giant, quivering large rocks (almost dead, 100% to hit)
The bolt of acid hits the stone giant.
You kill the stone giant!
The gargoyle hurls a stone arrow at you.
The stone arrow hits you!
You die...
Your body crumbles into a pile of gold.

§§≈≈≈§≈§≈.≈≈§§≈≈≈≈≈§≈.≈≈≈≈≈§§§≈§§
≈≈§≈≈≈≈...................§§§§≈§§
≈§§≈≈≈≈.########+########.≈≈≈≈≈§§
§§≈≈§§≈.# #.# §≈≈≈≈≈ §§§§§≈≈.#
#.# ≈§≈≈≈ §§≈≈≈§≈.# $ $ #.# $ §§
≈§≈§≈≈≈.# $ $ #.# $ $ ≈§
≈§§§§§≈.######.#.# #.≈§§≈≈§
§≈≈≈≈≈≈.#......#@# #..§§§≈≈≈
≈≈≈≈≈≈§§###++###$### #.≈≈§≈≈≈§
§§≈≈≈§§§# #.....# #.≈§≈≈≈≈§
§≈≈≈°S≈.# #.8_8.# #.§≈§≈≈≈≈
≈§≈°§§≈.# ...'.....9 #.≈≈≈≈≈≈≈
○≈°°S°°.#################.≈§≈≈≈≈≈
§○°○≈§☼..........§.....§.≈.≈≈§≈≈§
≈≈≈§≈≈≈§≈≈≈≈.≈≈§≈§§≈≈.§§≈≈§..≈≈≈≈
≈≈≈≈§≈§§≈§§§≈§§§§§§§≈≈≈§S≈≈≈≈..≈≈


You could see a gargoyle.

Vanquished Creatures
  A stone giant (Volcano)
  2 dire elephants (Lair:5)
  2 boulder beetles
  5 hydras
  3 two-headed ogres (D:10)
  12 death yaks
  Urug (Lair:4)
  2 goliath frogs (Lair:6)
  A lindwurm (Lair:3)
  An orc knight (D:10)
  An oklob plant (D:10)
  A cyclops (D:10)
  An orc sorcerer (D:10)
  10 elephants
  3 black mambas (Lair:6)
  2 centaur zombies (D:10)
  Joseph (D:8)
  3 torpor snails
  A gargoyle (D:10)
  25 cane toads
  9 rime drakes
  10 komodo dragons
  A kobold demonologist (D:10)
  An efreet (Volcano)
  A polar bear (Lair:5)
  6 trolls
  2 tyrant leeches (Lair:6)
  Grinder (D:3)
  20 blink frogs
  17 dream sheep
  A jumping spider (Lair:4)
  2 culicivoras (Lair:4)
  4 wyverns
  Eustachio (D:5)
  2 basilisks
  A fire bat (Volcano)
  41 yaks
  2 fire elementals (Volcano)
  5 redbacks (Lair:4)
  2 steam dragons (D:8)
  5 vampire mosquitoes (Lair:6)
  11 wargs
  Duvessa (D:6)
  An acid dragon (D:8)
  16 water moccasins
  10 orc warriors
  3 black bears
  A necrophage (D:7)
  6 centaurs
  An ogre (D:4)
  A phantom (D:6)
  10 kobold brigands
  19 bullfrogs
  An earth elemental (Volcano)
  A scorpion (D:6)
  4 gnoll sergeants (D:10)
  Dowan (D:6)
  10 killer bees
  3 wights (D:6)
  7 howler monkeys
  4 electric eels
  3 hounds
  A lava snake (Volcano)
  3 jellies
  A centaur skeleton (D:7)
  6 gnoll shamans
  16 orc priests
  A bullfrog skeleton (D:5)
  Natasha (twice) (D:3)
  An iguana (D:6)
  9 orc wizards
  2 killer bee zombies
  13 gnolls
  8 adders
  A river rat (D:3)
  2 worms
  A dart slug (D:3)
  30 orcs
  5 ball pythons
  6 endoplasms
  2 giant cockroaches
  8 goblins
  4 hobgoblins
  3 jackals (D:1)
  6 quokkas
  6 bats
  8 kobolds
  11 rats
  A butterfly (Lair:3)
  4 fulminant prisms
487 creatures vanquished.

Vanquished Creatures (others)
  435 fulminant prisms
  80 fungi
  156 plants
  7 toadstools (Lair:5)
678 creatures vanquished.

Grand Total: 1165 creatures vanquished

Notes
Turn   | Place    | Note
-------+----------+-------------------------------------------
     0 | D:1      | joshe the Deep Elf Conjurer began the quest for the Orb.
     0 | D:1      | Reached XP level 1. HP: 10/10 MP: 6/6
   310 | D:1      | Reached XP level 2. HP: 15/15 MP: 1/8
   313 | D:1      | Learned a level 2 spell: Searing Ray
   494 | D:1      | Reached skill level 5 in Conjurations
  1360 | D:2      | Reached XP level 3. HP: 19/19 MP: 5/9
  2266 | D:3      | Found Coiqocw's Antique Weapon Shop.
  2306 | D:3      | Reached XP level 4. HP: 24/24 MP: 2/11
  2344 | D:3      | Reached skill level 4 in Spellcasting
  2349 | D:3      | Learned a level 4 spell: Fulminant Prism
  2613 | D:3      | Noticed a kobold brigand
  2626 | D:3      | Killed a kobold brigand
  2627 | D:3      | Reached XP level 5. HP: 20/28 MP: 1/13
  2673 | D:3      | Found a faded altar of an unknown god.
  2771 | D:3      | Noticed Natasha
  2777 | D:3      | Killed Natasha
  3084 | D:3      | Learned a level 4 spell: Iskenderun's Mystic Blast
  3129 | D:3      | Identified the +3 leather armour "Sino Xad" {Str+3 Int+6}
  3150 | D:3      | Noticed Natasha
  3153 | D:3      | Killed Natasha
  3154 | D:3      | Reached skill level 5 in Spellcasting
  3242 | D:3      | Learned a level 2 spell: Ensorcelled Hibernation
  3325 | D:3      | Reached XP level 6. HP: 32/32 MP: 10/15
  3559 | D:3      | Noticed Grinder
  3698 | D:3      | Killed Grinder
  3699 | D:3      | Reached skill level 5 in Hexes
  3699 | D:3      | Reached skill level 6 in Spellcasting
  3995 | D:4      | Found an ancient bone altar of Kikubaaqudgha.
  4091 | D:4      | Reached skill level 1 in Translocations
  4091 | D:4      | Reached skill level 1 in Ice Magic
  4091 | D:4      | Reached XP level 7. HP: 36/36 MP: 13/18
  4133 | D:4      | Found a blossoming altar of Fedhas.
  4809 | D:5      | Entered Level 5 of the Dungeon
  4824 | D:5      | Noticed Eustachio
  5063 | D:5      | Reached skill level 1 in Evocations
  5118 | D:5      | Found Dasuogeg's Serpentskin Sales.
  5433 | D:5      | Found a staircase to the Ecumenical Temple.
  5440 | Temple   | Entered the Ecumenical Temple
  5550 | Temple   | Became a worshipper of Gozag Ym Sagoz the Greedy
  5958 | D:5      | Killed Eustachio
  5959 | D:5      | Reached skill level 7 in Spellcasting
  5959 | D:5      | Reached XP level 8. HP: 41/41 MP: 7/20
  6553 | D:6      | Noticed Duvessa
  6839 | D:6      | Noticed Dowan
  6843 | D:6      | Killed Dowan
  6853 | D:6      | Killed Duvessa
  7272 | D:6      | Reached skill level 5 in Stealth
  8232 | D:7      | Reached skill level 8 in Spellcasting
  8232 | D:7      | Reached XP level 9. HP: 45/45 MP: 14/23
  8488 | D:7      | Reached skill level 9 in Spellcasting
  9851 | D:8      | Reached skill level 10 in Spellcasting
 10100 | D:8      | Noticed Joseph
 10249 | D:8      | Killed Joseph
 10250 | D:8      | Reached skill level 10 in Hexes
 10432 | D:5      | Bought a ring of poison resistance for 280 gold pieces
 10773 | D:8      | Found a shimmering blue altar of Sif Muna.
 10776 | D:8      | Found a snail-covered altar of Cheibriados.
 10779 | D:8      | Found a bloodstained altar of Trog.
 10782 | D:8      | Found a hide-covered altar of Uskayaw.
 10939 | D:8      | Found Laojast's Distillery.
 11093 | D:9      | Found the +6 shillelagh "Devastator" {shatter}
 11786 | D:9      | Reached XP level 10. HP: 50/50 MP: 16/26
 12166 | D:10     | Entered Level 10 of the Dungeon
 12722 | D:10     | Reached skill level 10 in Stealth
 13005 | D:10     | Found a staircase to the Orcish Mines.
 13024 | D:10     | Noticed an orc knight
 13039 | D:10     | Killed an orc knight
 13341 | D:10     | Reached skill level 11 in Spellcasting
 13345 | D:10     | Noticed a two-headed ogre
 13659 | D:10     | Killed a two-headed ogre
 13660 | D:10     | Reached skill level 5 in Dodging
 13832 | D:10     | Noticed a two-headed ogre
 13841 | D:10     | Killed a two-headed ogre
 13842 | D:10     | Reached XP level 11. HP: 54/54 MP: 12/28
 14013 | D:10     | Noticed a two-headed ogre
 14018 | D:10     | Killed a two-headed ogre
 14019 | D:10     | Reached skill level 12 in Spellcasting
 14147 | D:10     | Noticed an oklob plant
 15133 | D:10     | Noticed an orc sorcerer
 15136 | D:10     | Killed an orc sorcerer
 16065 | D:10     | Found a staircase to the Lair.
 16080 | D:10     | Killed an oklob plant
 16139 | Lair:1   | Entered Level 1 of the Lair of Beasts
 16203 | Lair:1   | Reached skill level 13 in Spellcasting
 16271 | Lair:1   | Noticed a boulder beetle
 16781 | Lair:1   | Killed a boulder beetle
 16782 | Lair:1   | Reached skill level 10 in Conjurations
 17217 | Lair:1   | Reached XP level 12. HP: 59/59 MP: 26/31
 17595 | Lair:1   | Reached skill level 1 in Armour
 18531 | Lair:2   | You fall into a shaft and drop 1 floor!
 18862 | Lair:3   | Reached skill level 14 in Spellcasting
 20368 | Lair:3   | Identified the ring of Jemah {rN+ Slay+3}
 20806 | Lair:3   | Reached skill level 15 in Spellcasting
 21347 | Lair:3   | Found a glowing silver altar of Zin.
 21408 | Lair:3   | Reached XP level 13. HP: 63/63 MP: 19/34
 22021 | Lair:4   | Reached skill level 15 in Hexes
 22104 | Lair:4   | Noticed Urug
 22122 | Lair:4   | Killed Urug
 22244 | Lair:4   | Reached skill level 5 in Ice Magic
 22721 | Lair:4   | Found a staircase to the Swamp.
 23335 | Lair:4   | Found a hole to the Spider Nest.
 24350 | Lair:5   | Identified the +1 leather armour of Neb Jog {Contam rElec
                  | rC+ rN+}
 24737 | Lair:5   | Reached skill level 16 in Spellcasting
 25671 | Lair:5   | Noticed a dire elephant
 25679 | Lair:5   | Found a runed translucent door.
 25915 | Lair:5   | Found a staircase to the Slime Pits.
 26360 | Lair:5   | Noticed a dire elephant
 26379 | Lair:5   | Killed a dire elephant
 26380 | Lair:5   | Reached XP level 14. HP: 68/68 MP: 12/36
 26502 | Lair:5   | Learned a level 3 spell: Stone Arrow
 26563 | Lair:5   | Reached skill level 1 in Earth Magic
 26658 | Lair:6   | Entered Level 6 of the Lair of Beasts
 27499 | Lair:6   | Reached skill level 5 in Earth Magic
 29430 | Lair:6   | Reached skill level 17 in Spellcasting
 30638 | Orc:1    | Entered Level 1 of the Orcish Mines
 31153 | Orc:2    | Entered Level 2 of the Orcish Mines
 31239 | Orc:2    | Found a dark tunnel.
 31251 | Volcano  | Entered a volcano
 31690 | Volcano  | Found a bloodstained altar of Trog.
 31734 | Volcano  | Noticed a stone giant
 31751 | Volcano  | Killed a stone giant
 31751 | Volcano  | Killed from afar by a gargoyle

Illustrated notes

Levels and vault maps discovered:
D:1:      giann_forest_graveyard, layout_basic, grunt_decor_resistance
D:2:      layout_loops_cross, serial_aquarium, aquarium_bridge_island_small
          [aquarium_subvault_small_open, aquarium_subvault_bridge,
          aquarium_subvault_balcony, aquarium_subvault_bridge,
          aquarium_subvault_bridge], aquarium_bridge_straight
          [aquarium_subvault_bridge, aquarium_subvault_window,
          aquarium_subvault_bridge, aquarium_subvault_wall],
          aquarium_window_fake, aquarium_window_2, aquarium_view_4,
          aquarium_pool_side
D:3:      layout_basic, lightli_sewer_entry_pipes,
          hellmonk_ecumenical_altar_blasted, serial_shops, nicolae_shop_stone,
          uniq_natasha, uniq_grinder
D:4:      layout_basic, mainiacjoe_overflow_cross_hatched, kennysheep_mini
D:5:      layout_basic, minmay_temple_entry_arrows, guppyfry_shop_venom,
          uniq_eustachio
D:6:      layout_loops_ring, uniq_duvessa
D:7:      layout_layer_cave
D:8:      layout_cave_pools, grunt_temple_overflow_cloverleaf,
          minmay_misc_feat_tower, nicolae_take_the_stairs, dk_vineyard_1,
          chequers_decorated_corner, chequers_serial_rivers_micro_d, uniq_joseph
D:9:      layout_basic
D:10:     lemuel_castle_with_subvaults [lemuel_castle_interior_carwin_1],
          layout_stronghold, dpeg_oklobed_lair, david_orc_5
Temple:   kb_temple_of_zot
Lair:1:   layout_regular_city, nzn_sisyphean_effort, serial_bayou_shore_b,
          grunt_megastairs_1, lemuel_fruit_fields
Lair:2:   layout_loops_ring, beast_lair_carwin_8
Lair:3:   layout_regular_city, lemuel_centaur_altar, lemuel_fruit_fields
Lair:4:   layout_gridlike, swamp_mist, nicolae_spider_entry_tight_spaces,
          chequers_serial_rivers_small_b, infiniplex_staircase_pool, uniq_urug
Lair:5:   gammafunk_lair_enchanted_lake, layout_concentric_octagons,
          dpeg_slime_entry_corner, beast_lair_carwin_11, serial_bayou_shore_b,
          serial_bayou_shore_a, lemuel_fruit_tree
Lair:6:   minmay_lair_end_frog_pond, layout_gridlike, serial_bayou_pond_d,
          columned_hall_lemuel
Orc:1:    layout_diamond_mine, nicolae_orc_lava_room, uniq_fannar, uniq_maurice,
          uniq_sonja
Orc:2:    st_orc_ogre_mass, layout_diamond_mine, nicolae_volcano_entry_two_sided
Volcano:  volcano_lake [vl_original]

Skill      XL: |  1  2  3  4  5  6  7  8  9 10 11 12 13 14 |
---------------+-------------------------------------------+-----
Conjurations   | 5 6 7 8 10 12 | 12.0
Spellcasting   | 4 5 6 7 8 10 11 13 15 16 17 | 17.0
Dodging        | 3 4 6 |  6.0
Hexes          | 3 4 6 7 10 11 13 14 15 16 | 16.8
Translocations | 1 3 4 |  4.0
Ice Magic      | 1 2 4 8 |  8.0
Stealth        | 4 6 7 10 12 | 12.0
Evocations     | 2 4 |  4.1
Armour         | 4 |  4.0
Earth Magic    | 8 |  8.0
Maces & Flails | |  0.2

Action                   |  1- 3 |  4- 6 |  7- 9 | 10-12 | 13-15 || total
-------------------------+-------+-------+-------+-------+-------++-------
Melee: Dagger            |       |       |    13 |    17 |    20 ||    50
       Punch             |       |       |       |       |     1 ||     1
Throw: Dart              |       |       |       |     1 |       ||     1
 Cast: Magic Dart        |    53 |    16 |    26 |    60 |    47 ||   202
       Searing Ray       |     8 |    12 |    14 |    29 |    23 ||    86
       Fulminant Prism   |       |    12 |    66 |   172 |   191 ||   441
       Ensorcelled Hiber |       |       |    15 |    42 |    21 ||    78
       Iskenderun's Myst |       |       |     9 |    48 |    57 ||   114
       Stone Arrow       |       |       |       |       |     7 ||     7
Evoke: Wand              |       |       |     2 |     1 |     3 ||     6
  Use: Scroll            |     1 |     3 |     9 |     6 |     8 ||    27
       Potion            |       |       |       |     2 |     3 ||     5
 Stab: Sleeping          |       |       |     8 |    12 |    11 ||    31
       Paralysed         |       |       |     3 |       |       ||     3
       Invisible         |       |       |       |     1 |       ||     1
Armor: Robe              |     3 |     2 |       |       |       ||     5
       Leather armour    |       |       |     3 |    10 |     7 ||    20
Dodge: Dodged            |     6 |     4 |     9 |    22 |    16 ||    57
